 Dungeon Crawl Stone Soup version 0.26.0-16-gc1dbca0489 (webtiles) character file.

Game seed: 5109962984181865283

1061 kaeus the Skirmisher (level 8, -6/63 HPs)
             Began as a Demonspawn Fighter on Jan 21, 2021.
             Was an Initiate of Ashenzari.
             Killed by divine providence
             ... invoked by an orc priest
              (12 damage)
             ... on level 5 of the Dungeon.
             The game lasted 00:12:51 (4529 turns).

kaeus the Skirmisher (Demonspawn Fighter)           Turns: 4529, Time: 00:12:51

Health: -6/63      AC: 15    Str: 20    XL:     8   Next: 6%
Magic:  17/17      EV:  4    Int: 10    God:    Ashenzari [......]
Gold:   357        SH: 10    Dex: 13    Spells: 7/7 levels left

rFire    . . .     SeeInvis +   u - +3 mace of Salt {vorpal, Fragile Str+2 SInv}
rCold    + . .     Faith    .   c - +0 kite shield (curse)
rNeg     . . .     Spirit   .   h - +0 plate armour (curse)
rPois    +         Reflect  .   m - +0 helmet (curse)
rElec    .         Harm     .   t - +1 cloak {rCorr} (curse)
rCorr    +         Rampage  .   (no gloves)
Will     .....                  (no boots)
Stlth    ..........             q - amulet of regeneration
HPRegen  0.60/turn              g - ring of magical power (curse)
MPRegen  0.15/turn              r - ring of poison resistance

@: brilliant, flying
A: talons 1, cold resistance 1, demonic guardian 1, freezing cloud immunity
a: Renounce Religion, Curse Item


You were on level 5 of the Dungeon.
You worshipped Ashenzari.
Ashenzari was noncommittal.
You visited 2 branches of the dungeon, and saw 6 of its levels.

You collected 357 gold pieces.

Inventory:

Hand Weapons
 a - a +0 war axe
 s - a +4 quarterstaff of chaos
 u - the +3 mace of Salt (weapon) {vorpal, Fragile Str+2 SInv}
   (You found it on level 4 of the Dungeon)

   It inflicts extra damage upon your enemies.
   It affects your strength (+2).
   It lets you see invisible.
   It will be destroyed if unequipped.
Armour
 c - a cursed +0 kite shield (worn)
 h - a cursed +0 plate armour (worn)
 m - a cursed +0 helmet (worn)
 t - a cursed +1 cloak of preservation (worn)
Jewellery
 g - a cursed ring of magical power (left hand)
 q - an amulet of regeneration (around neck)
 r - a ring of poison resistance (right hand)
Scrolls
 b - 3 scrolls of identify {unknown}
 e - a scroll of immolation {unknown}
 i - a scroll of random uselessness {unknown}
 j - 6 scrolls of teleportation {unknown}
 l - a scroll of enchant armour {unknown}
 x - a scroll of torment {unknown}
Potions
 d - a potion of might
 f - a potion of flight
 k - a potion of brilliance
 n - a potion of magic {unknown}
 o - a potion of degeneration {unknown}
 p - a potion of berserk rage {unknown}
 v - a potion of lignification {unknown}
 w - a potion of attraction {unknown}
 z - 2 potions of invisibility {unknown}


   Skills:
 + Level 5.5 Fighting
 - Level 3.5(4.0) Axes
 + Level 2.6(3.5) Maces & Flails
 + Level 5.1 Armour
 + Level 5.0 Shields


You had 7 spell levels left.
You didn't know any spells.
Your spell library contained the following spells:

 Spells                   Type           Power        Failure   Level
 Animate Skeleton         Necr           0%           100%        1
 Apportation              Tloc           0%           100%        1
 Corona                   Hex            0%           100%        1
 Summon Small Mammal      Summ           0%           100%        1


Dungeon Overview and Level Annotations

Branches:
Dungeon (5/15)             Temple (1/1) D:4

Altars:
Ashenzari
Cheibriados
Dithmenos
Elyvilon
Fedhas
Gozag
Hepliaklqana
Makhleb
Okawaru
Qazlal
Sif Muna
Trog
Vehumet

Shops:
D:5 =


Innate Abilities, Weirdness & Mutations

You have sharp toenails.
Your flesh is cold resistant. (rC+)
A weak demonic guardian rushes to your aid.
You are immune to freezing clouds.


Message History

You sock the orc warrior!
You kill the orc warrior!
Your Shields skill increases to level 5!
You have reached level 8!
You feel clever.
Your demonic ancestry asserts itself...
You feel the presence of a demonic guardian.
It was a potion of flight.
You feel very buoyant.
You fly up into the air.
You block the orc priest's attack.
You swap places.
The orc priest looks braver for a moment.
Your ufetubus closely misses the orc priest.
Your ufetubus completely misses the orc priest.
It was a potion of brilliance.
You feel clever all of a sudden.
Your ufetubus barely misses the orc priest.
Your ufetubus closely misses the orc priest.
The orc priest calls down the wrath of Beogh upon you.
Beogh smites you!
You die...

#.#.#.##.#...[...#
#######.....##..........
........................
########....###.....o...
#..)......)......#
#.###.###o#.....## .♣. #.#
#.# #o##...## ... ##.###.#
#5# #+## #.# #......# #@#
#.# #.# #..##### #.#
#(##### ##.## #..#
#.###.#...###...##
#..#######.##....♣....._...
#..............#...###)))##
#.###.##>###...##### ##(##
#.###.##.###.#..# #.#
#.........##.#..# ##.##
#####........#..# #...#


You could see an orc priest, an orc wizard (invisible) and a friendly ufetubus
(summoned).

Vanquished Creatures
  The ghost of Coron the Skirmisher, an amateur GrBe of Trog (D:3)
  The ghost of thiole the Sneak, an amateur OpWz (D:3)
  An orc warrior (D:5)
  2 ogres
  A big kobold (D:5)
  A water moccasin skeleton (D:5)
  3 hounds
  A jelly (D:5)
  A bullfrog skeleton (D:5)
  Crazy Yiuf (D:4)
  A worker ant (D:4)
  A hound skeleton (D:5)
  Robin (D:2)
  6 adders
  2 oozes (D:3)
  An adder zombie (D:5)
  2 adder skeletons
  A worm (D:3)
  2 dart slugs
  4 leopard geckos
  14 orcs
  11 bats
  7 giant cockroaches
  16 hobgoblins
  20 jackals
  6 quokkas
  2 ball pythons
  A ball python skeleton (D:4)
  3 frilled lizards
  13 goblins
  13 kobolds
  8 rats
148 creatures vanquished.

Notes
Turn   | Place    | Note
-------+----------+-------------------------------------------
     0 | D:1      | kaeus the Demonspawn Fighter began the quest for the Orb.
     0 | D:1      | Reached XP level 1. HP: 18/18 MP: 1/1
    47 | D:1      | Gained mutation: Your flesh is cold resistant. (rC+)
                  | [demonic ancestry]
    47 | D:1      | Reached XP level 2. HP: 12/24 MP: 2/2
   336 | D:1      | You fall into a shaft and drop 1 floor!
   548 | D:1      | Gained mutation: You have sharp toenails. [demonic
                  | ancestry]
   548 | D:1      | Reached XP level 3. HP: 23/29 MP: 3/3
  1421 | D:2      | Reached XP level 4. HP: 32/35 MP: 4/4
  1453 | D:2      | Noticed Robin
  1461 | D:2      | Killed Robin
  1803 | D:3      | Found a snail-covered altar of Cheibriados.
  1803 | D:3      | Found a stormy altar of Qazlal.
  1803 | D:3      | Found an iron altar of Okawaru.
  1922 | D:3      | Found a runed translucent gate.
  1922 | D:3      | Found a runed translucent gate.
  1922 | D:3      | Found a runed translucent gate.
  1929 | D:3      | Gained mutation: You are immune to freezing clouds.
                  | [demonic ancestry]
  1929 | D:3      | Reached XP level 5. HP: 37/42 MP: 5/5
  1999 | D:3      | Noticed Coron's ghost (amateur GrBe)
  1999 | D:3      | Noticed thiole's ghost (amateur OpWz)
  2333 | D:3      | Noticed an ogre
  2742 | D:3      | Killed an ogre
  2743 | D:3      | Reached XP level 6. HP: 20/48 MP: 6/6
  3598 | D:4      | Found a staircase to the Ecumenical Temple.
  3659 | Temple   | Entered the Ecumenical Temple
  3668 | Temple   | Became a worshipper of Ashenzari the Shackled
  3709 | D:4      | Found a runed translucent door.
  3712 | D:4      | Noticed Crazy Yiuf
  3719 | D:4      | Killed Crazy Yiuf
  3728 | D:4      | Got the mace of Salt {vorpal, Fragile Str+2 SInv}
  3729 | D:4      | Identified the +3 mace of Salt {vorpal, Fragile Str+2 SInv}
                  | (You found it on level 4 of the Dungeon)
  3857 | D:5      | Entered Level 5 of the Dungeon
  3857 | D:5      | Found Qoevejang's Jewellery Emporium.
  3923 | D:3      | Killed thiole's ghost
  3924 | D:3      | Reached skill level 1 in Maces & Flails
  3924 | D:3      | Reached XP level 7. HP: 39/55 MP: 7/7
  3948 | D:3      | Killed Coron's ghost
  4119 | D:5      | Found a burning altar of Makhleb.
  4159 | D:5      | Reached skill level 5 in Fighting
  4427 | D:5      | Found a white marble altar of Elyvilon.
  4470 | D:5      | Reached skill level 5 in Armour
  4527 | D:5      | Reached skill level 5 in Shields
  4527 | D:5      | Gained mutation: A weak demonic guardian rushes to your
                  | aid. [demonic ancestry]
  4527 | D:5      | Reached XP level 8. HP: 4/63 MP: 8/8
  4529 | D:5      | Killed from afar by an orc priest

Illustrated notes

Levels and vault maps discovered:
D:1:      dpeg_arrival_central, layout_basic
D:2:      layout_rooms, uniq_robin
D:3:      minmay_razor_zed, layout_rooms,
          chequers_temple_overflow_statue_of_worship, gammafunk_ghost_cemetery
D:4:      layout_basic, temple_pool_b, uniq_crazy_yiuf_cottage
D:5:      layout_loops_corners, kennysheep_little_box, serial_shops, shop,
          elyvilon_altar_1, uniq_grinder
Temple:   nicolae_temple_elliptical

Skill      XL: |  1  2  3  4  5  6  7 |
---------------+----------------------+-----
Axes           | 2 3 |  3.5
Armour         | 3 4 5 |  5.1
Shields        | 3 4 5 |  5.0
Fighting       | 4 5 |  5.5
Maces & Flails | 1 2 |  2.6

Action                   |  1- 3 |  4- 6 |  7- 9 || total
-------------------------+-------+-------+-------++-------
Melee: War axe           |   109 |   190 |       ||   299
       Kick              |     2 |    56 |    33 ||    91
       Mace              |       |    20 |    98 ||   118
Invok: Curse Item        |       |     5 |       ||     5
  Use: Potion            |       |       |     2 ||     2
Armor: Scale mail        |    55 |       |       ||    55
       Plate armour      |    28 |   201 |    61 ||   290
Dodge: Dodged            |    22 |    25 |    22 ||    69
Block: Kite shield       |    65 |   141 |    58 ||   264
